Barons vs Bruins

Created - Wednesday, December 17, 2014 at 23:18

Goals
1 2 3 OT1 SO T
Barons 1 0 0 0 0 1
Bruins 1 0 0 0 1 2
Shots
1 2 3 OT1 SO T
Barons 7 6 7 1 4 21
Bruins 12 11 9 2 4 34

1st period

1. Bruins , Patrick Bordeleau 16 (Kael Mouillierat, Simon Moser) at 7:56 (PP)
2. Barons , Chuck Kobasew 13 (Brett Connolly) at 16:33 (PP)

Penalties :
Patrick Bordeleau (Pro) for Holding (Minor) at 2:14, Brandon Alderson (Pro) for Fighting (Major) at 4:50, Shawn Thornton (OKC) for Fighting (Major) at 4:50, Kris Newbury (OKC) for Holding (Minor) at 7:19, John Negrin (OKC) for Slashing (Minor) at 9:39, Magnus Nygren (Pro) for High sticking (Minor) at 16:26, Brandon Manning (Pro) for Hooking (Minor) at 18:43

2nd period

No Goal

Penalties :
David Musil (OKC) for Tripping (Minor) at 1:51, Shawn Thornton (OKC) for Hooking (Minor) at 8:47

3rd period

No Goal

Penalties :
Kris Newbury (OKC) for Tripping (Minor) at 2:08, Kris Newbury (OKC) for Hooking (Minor) at 7:04, Buddy Robinson (Pro) for Fighting (Major) at 19:42, Shawn Thornton (OKC) for Fighting (Major) at 19:42

Overtime #1

No Goal

Penalties :
No Penalty

Shootout

Penalty Shot by Devin Setoguchi for Barons - Stopped by Philipp Grubauer
Penalty Shot by Jim Slater for Bruins - Shot Misses the Net
Penalty Shot by Steve Bernier for Barons - Stopped by Philipp Grubauer
Penalty Shot by Anton Lander for Bruins - Stopped by Ray Emery
Penalty Shot by Torrey Mitchell for Barons - Stopped by Philipp Grubauer
Penalty Shot by Derek Dorsett for Bruins - Stopped by Ray Emery
Penalty Shot by Andy Miele for Barons - Stopped by Philipp Grubauer
Penalty Shot by Patrick Bordeleau for Bruins - Goal!

Penalties :
No Penalty

Goalie Stats

Ray Emery (OKC), 33 saves from 34 shots - (0.971), OTL, 28-3-4, 65:00 minutes
Philipp Grubauer (Pro), 20 saves from 21 shots - (0.952), W, 18-2-4, 65:00 minutes

Players Stats for Barons

Player Name              G  A  P  +/- PIM S  H  SB GA TA FO     MP     PP MP  PK MP  
------------------------------------------------------------------------------------
Andy Miele               0  0  0   0  0   0  1  0  0  4  8/13   18:19   0:00   7:48 
Brett Connolly           0  1  1   0  0   3  1  0  1  0  8/9    13:10   1:46   0:00 
Chris Porter             0  0  0   0  0   1  1  0  1  0  0/1    13:53   0:00   0:32 
Chuck Kobasew            1  0  1   0  0   4  0  0  1  2  0/0    20:43   1:46   2:11 
Daniel New               0  0  0   0  0   0  1  0  0  0  0/0    15:21   0:00   3:44 
David Kolomatis          0  0  0   0  0   0  4  1  0  1  0/0    26:04   1:33   6:39 
David Musil              0  0  0   0  2   1  1  1  0  4  0/0    24:35   0:00   1:53 
Devin Setoguchi          0  0  0   0  0   2  3  0  3  0  0/2    20:24   2:19   0:00 
John Negrin              0  0  0   0  2   0  1  0  0  1  0/0    27:04   2:39   3:56 
Kris Newbury             0  0  0   0  6   0  0  0  0  0  1/4     8:07   0:00   0:00 
Reid Boucher             0  0  0   0  0   0  1  0  1  1  0/1    15:55   2:19   0:00 
Ryan Spooner             0  0  0   0  0   2  1  2  3  2  2/13   20:07   2:19   0:47 
Ryan Stanton             0  0  0   0  0   0  0  1  0  2  0/0    11:11   1:26   3:11 
Shawn Thornton           0  0  0   0  12  0  0  0  1  0  1/2     9:27   0:00   0:09 
Steve Bernier            0  0  0   0  0   2  3  0  0  0  0/0    12:53   1:46   0:00 
Teemu Pulkkinen          0  0  0   0  0   0  1  0  2  0  0/1    14:05   0:00   2:11 
Tommy Cross              0  0  0   0  0   1  1  0  0  0  0/0    19:43   2:32   1:39 
Torrey Mitchell          0  0  0   0  0   5  2  1  0  0  0/1    18:26   0:00   7:33 

Players Stats for Bruins

Player Name              G  A  P  +/- PIM S  H  SB GA TA FO     MP     PP MP  PK MP  
------------------------------------------------------------------------------------
Anton Lander             0  0  0   0  0   2  0  0  3  1  2/3    23:00   5:23   2:59 
Brandon Alderson         0  0  0   0  5   0  2  0  0  0  0/0     9:23   0:00   0:00 
Brandon Manning          0  0  0   0  2   0  1  1  0  0  0/0    23:28   4:02   0:43 
Buddy Robinson           0  0  0   0  5   1  0  0  1  0  1/1    12:59   0:00   0:00 
Conor Allen              0  0  0   0  0   1  0  1  0  2  0/0    26:13   6:29   2:51 
Derek Dorsett            0  0  0   0  0   4  1  0  5  0  1/2    18:36   5:23   0:53 
Dmitry Korobov           0  0  0   0  0   1  1  1  0  0  0/0    26:13   6:29   2:51 
Jake Newton              0  0  0   0  0   0  0  0  0  0  0/0    15:43   0:00   0:31 
Jim Slater               0  0  0   0  0   0  1  0  1  0  15/24  23:00   5:23   2:59 
Kael Mouillierat         0  1  1   0  0   5  1  1  3  0  1/4    15:45   5:08   0:00 
Magnus Nygren            0  0  0   0  2   0  1  0  0  0  0/0    15:11   0:00   0:00 
Marc Hagel               0  0  0   0  0   3  0  0  3  1  0/0    10:30   0:00   0:00 
Patrick Bordeleau        1  0  1   0  2   5  1  0  2  0  0/0    16:30   5:08   0:00 
Patrick Cehlin           0  0  0   0  0   4  2  0  0  1  0/0    12:22   0:00   0:00 
Raman Hrabarenka         0  0  0   0  0   2  0  1  0  0  0/0    23:34   4:02   1:14 
Scott Timmins            0  0  0   0  0   2  2  0  2  0  4/7    12:47   0:00   1:06 
Simon Moser              0  1  1   0  0   1  1  0  0  0  1/1    16:14   5:08   0:13 
Tim Sestito              0  0  0   0  0   3  2  0  2  0  2/5    14:19   0:00   0:00 

3 Stars

1 - Ray Emery (OKC)
2 - Philipp Grubauer (Pro)
3 - Chuck Kobasew (OKC)

Power Play

Barons - 1 on 3 Attempt(s) - 33.33%
Bruins - 1 on 6 Attempt(s) - 16.67%

Penalty Kill

Barons - 5 on 6 Attempt(s) - 83.33% - Score 0 goal in Penalty Kill
Bruins - 2 on 3 Attempt(s) - 66.67% - Score 0 goal in Penalty Kill

Official

Referees : Unknown
Linesman : Unknown

Game Notes

Brandon Alderson and Shawn Thornton fight to a draw at 4:50 of 1st period
Ryan Stanton is injured at 2:27 of 2nd period (Bruised Right Arm)
Buddy Robinson and Shawn Thornton fight to a draw at 19:42 of 3rd period

Finance

Level 1 -- Attendance: 1535 (76.75%) -- Ticket Income $53,725
Level 2 -- Attendance: 742 (74.20%) -- Ticket Income $11,130
Total Attendance: 2277 (75.90%)
Total Ticket Income: $64,855
Other Income: $31,779
Total Income: $96,634

Barons

5 vs 5 Forward 
   Center                   Left Wing                Right Wing               Time % Phy DF OF 
 1 Ryan Spooner             Reid Boucher             Devin Setoguchi          30     0   1  4  
 2 Brett Connolly           Steve Bernier            Chuck Kobasew            30     0   1  4  
 3 Andy Miele               Teemu Pulkkinen          Torrey Mitchell          30     0   1  4  
 4 Kris Newbury             Chris Porter             Shawn Thornton           10     1   2  2  

5 vs 5 Defense 
   Defense                  Defense                                           Time % Phy DF OF 
 1 David Kolomatis          Ryan Stanton                                      35     1   2  2  
 2 John Negrin              David Musil                                       30     1   2  2  
 3 Ryan Stanton             Tommy Cross                                       22     1   2  2  
 4 Daniel New               Ryan Stanton                                      13     1   2  2  

PowerPlay Forward 
   Center                   Left Wing                Right Wing               Time % Phy DF OF 
 1 Ryan Spooner             Reid Boucher             Devin Setoguchi          60     0   1  4  
 2 Brett Connolly           Steve Bernier            Chuck Kobasew            40     0   1  4  

PowerPlay Defense
   Defense                  Defense                                           Time % Phy DF OF 
 1 David Kolomatis          Ryan Stanton                                      60     1   2  2  
 2 John Negrin              Tommy Cross                                       40     1   2  2  

Penalty Kill 4 Players Forward 
   Center                   Wing                     Time % Phy DF OF 
 1 Andy Miele               Torrey Mitchell          60     1   2  2  
 2 Teemu Pulkkinen          Chuck Kobasew            40     1   2  2  

Penalty Kill 4 Players Defense
   Defense                  Defense                  Time % Phy DF OF 
 1 David Kolomatis          Ryan Stanton             60     1   2  2  
 2 John Negrin              Daniel New               40     1   2  2  

Penalty Kill - 3 Players Forward 
   Forward                                           Time % Phy DF OF 
 1 Torrey Mitchell                                   60     1   2  2  
 2 Andy Miele                                        40     1   2  2  

Penalty Kill - 3 Players Defense
   Defense                  Defense                  Time % Phy DF OF 
 1 David Musil              Ryan Stanton             60     1   2  2  
 2 John Negrin              David Kolomatis          40     1   2  2  

4 vs 4 Forward 
   Center                   Wing                     Time % Phy DF OF 
 1 Ryan Spooner             Devin Setoguchi          60     1   2  2  
 2 Brett Connolly           Torrey Mitchell          40     1   2  2  

4 vs 4 Defense
   Defense                  Defense                  Time % Phy DF OF 
 1 David Kolomatis          Ryan Stanton             60     1   2  2  
 2 John Negrin              Tommy Cross              40     1   2  2  

Last Minutes Offensive
   Center                   Left Wing                Right Wing               Defense                  Defense                  
   Ryan Spooner             Reid Boucher             Devin Setoguchi          Torrey Mitchell          Ryan Stanton             

Last Minutes Defensive
   Center                   Left Wing                Right Wing               Defense                  Defense                  
   Andy Miele               Torrey Mitchell          Teemu Pulkkinen          David Kolomatis          Ryan Stanton             

Goaltenders
Starting : Ray Emery                
Backup : Josh Robinson            

Extra Forwards
Normal : Shawn Thornton, Chris Porter, Ryan Spooner - PP : Shawn Thornton, Chris Porter - PK : Ryan Spooner
Extra Defensemen
Normal : Ryan Stanton, David Musil, John Negrin - PP : Ryan Stanton - PK : Ryan Stanton, John Negrin
Penalty Shots
Devin Setoguchi, Steve Bernier, Torrey Mitchell, Andy Miele, Teemu Pulkkinen

Bruins

5 vs 5 Forward 
   Center                   Left Wing                Right Wing               Time % Phy DF OF 
 1 Jim Slater               Anton Lander             Derek Dorsett            35     1   2  2  
 2 Kael Mouillierat         Patrick Bordeleau        Simon Moser              30     1   2  2  
 3 Tim Sestito              Patrick Cehlin           Buddy Robinson           22     1   2  2  
 4 Scott Timmins            Marc Hagel               Brandon Alderson         13     1   2  2  

5 vs 5 Defense 
   Defense                  Defense                                           Time % Phy DF OF 
 1 Dmitry Korobov           Conor Allen                                       35     1   2  2  
 2 Raman Hrabarenka         Brandon Manning                                   30     1   2  2  
 3 Magnus Nygren            Jake Newton                                       22     1   2  2  
 4 Dmitry Korobov           Conor Allen                                       13     1   2  2  

PowerPlay Forward 
   Center                   Left Wing                Right Wing               Time % Phy DF OF 
 1 Jim Slater               Anton Lander             Derek Dorsett            60     1   2  2  
 2 Kael Mouillierat         Patrick Bordeleau        Simon Moser              40     1   2  2  

PowerPlay Defense
   Defense                  Defense                                           Time % Phy DF OF 
 1 Dmitry Korobov           Conor Allen                                       60     1   2  2  
 2 Raman Hrabarenka         Brandon Manning                                   40     1   2  2  

Penalty Kill 4 Players Forward 
   Center                   Wing                     Time % Phy DF OF 
 1 Jim Slater               Anton Lander             60     1   2  2  
 2 Derek Dorsett            Patrick Bordeleau        40     1   2  2  

Penalty Kill 4 Players Defense
   Defense                  Defense                  Time % Phy DF OF 
 1 Dmitry Korobov           Conor Allen              60     1   2  2  
 2 Raman Hrabarenka         Brandon Manning          40     1   2  2  

Penalty Kill - 3 Players Forward 
   Forward                                           Time % Phy DF OF 
 1 Jim Slater                                        60     1   2  2  
 2 Anton Lander                                      40     1   2  2  

Penalty Kill - 3 Players Defense
   Defense                  Defense                  Time % Phy DF OF 
 1 Dmitry Korobov           Conor Allen              60     1   2  2  
 2 Raman Hrabarenka         Brandon Manning          40     1   2  2  

4 vs 4 Forward 
   Center                   Wing                     Time % Phy DF OF 
 1 Jim Slater               Anton Lander             60     1   2  2  
 2 Derek Dorsett            Patrick Bordeleau        40     1   2  2  

4 vs 4 Defense
   Defense                  Defense                  Time % Phy DF OF 
 1 Dmitry Korobov           Conor Allen              60     1   2  2  
 2 Raman Hrabarenka         Brandon Manning          40     1   2  2  

Last Minutes Offensive
   Center                   Left Wing                Right Wing               Defense                  Defense                  
   Jim Slater               Anton Lander             Derek Dorsett            Dmitry Korobov           Conor Allen              

Last Minutes Defensive
   Center                   Left Wing                Right Wing               Defense                  Defense                  
   Jim Slater               Anton Lander             Derek Dorsett            Dmitry Korobov           Conor Allen              

Goaltenders
Starting : Philipp Grubauer         
Backup : Carsen Chubak            

Extra Forwards
Normal : Tim Sestito, Buddy Robinson, Scott Timmins - PP : Tim Sestito, Buddy Robinson - PK : Scott Timmins
Extra Defensemen
Normal : Magnus Nygren, Jake Newton, Raman Hrabarenka - PP : Magnus Nygren - PK : Jake Newton, Raman Hrabarenka
Penalty Shots
Jim Slater, Anton Lander, Derek Dorsett, Patrick Bordeleau, Kael Mouillierat

% Time on Ice - Barons

Lines # - Real PCT - Wanted PCT - Time Play
Normal Forward
1 - 32% - 30% - 14:20
2 - 33% - 30% - 14:51
3 - 20% - 30% - 9:06
4 - 16% - 10% - 7:06
Normal Defense
1 - 39% - 35% - 17:34
2 - 18% - 30% - 8:09
3 - 25% - 22% - 11:32
4 - 18% - 13% - 8:08
PP Forward
1 - 57% - 60% - 2:19
2 - 43% - 40% - 1:46
PP Defense
1 - 38% - 60% - 1:33
2 - 62% - 40% - 2:32
PK Forward
1 - 79% - 60% - 8:21
2 - 21% - 40% - 2:11
PK Defense
1 - 81% - 60% - 8:33
2 - 19% - 40% - 1:59
PK3 Forward
1 - 0% - 60%
2 - 0% - 40%
PK3 Defense
1 - 0% - 60%
2 - 0% - 40%
44 Forward
1 - 94% - 60% - 4:43
2 - 6% - 40% - 0:17
44 Defense
1 - 70% - 60% - 3:30
2 - 30% - 40% - 1:30
Last Minute Offensive  - 0:00
Last Minute Defensive  - 0:00
Total
Forward - 65:00
Defense - 65:00

% Time on Ice - Bruins

Lines # - Real PCT - Wanted PCT - Time Play
Normal Forward
1 - 27% - 35% - 12:05
2 - 23% - 30% - 10:26
3 - 27% - 22% - 12:22
4 - 23% - 13% - 10:30
Normal Defense
1 - 30% - 35% - 13:37
2 - 35% - 30% - 15:57
3 - 33% - 22% - 15:12
4 - 1% - 13% - 0:37
PP Forward
1 - 51% - 60% - 5:23
2 - 49% - 40% - 5:09
PP Defense
1 - 62% - 60% - 6:30
2 - 38% - 40% - 4:02
PK Forward
1 - 78% - 60% - 3:12
2 - 22% - 40% - 0:53
PK Defense
1 - 70% - 60% - 2:51
2 - 30% - 40% - 1:14
PK3 Forward
1 - 0% - 60%
2 - 0% - 40%
PK3 Defense
1 - 0% - 60%
2 - 0% - 40%
44 Forward
1 - 84% - 60% - 4:11
2 - 16% - 40% - 0:49
44 Defense
1 - 53% - 60% - 2:39
2 - 47% - 40% - 2:21
Last Minute Offensive  - 0:00
Last Minute Defensive  - 0:00
Total
Forward - 65:00
Defense - 65:00

Play by Play

1st period


0:01 of 1st period - Jim Slater wins face-off versus Devin Setoguchi in neutral zone.
0:26 of 1st period - Ryan Stanton is hit by Jim Slater and loses puck.
2:14 of 1st period - Minor Penalty to Patrick Bordeleau for Holding.
2:15 of 1st period - Jim Slater wins face-off versus Devin Setoguchi in Bruins zone.
2:42 of 1st period - Dmitry Korobov is hit by David Kolomatis and loses puck.
2:57 of 1st period - Snap shot by Brett Connolly.
2:57 of 1st period - Stopped by Philipp Grubauer without a rebound.
2:58 of 1st period - Brett Connolly wins face-off versus Derek Dorsett in Bruins zone.
3:01 of 1st period - Wrist shot by Chuck Kobasew.
3:01 of 1st period - Shot Misses the Net.
3:25 of 1st period - Snap shot by Steve Bernier.
3:25 of 1st period - Stopped by Philipp Grubauer with a rebound.
3:27 of 1st period - Wrist shot by Steve Bernier.
3:27 of 1st period - Shot Blocked by Brandon Manning.
3:29 of 1st period - Slapshot by Tommy Cross.
3:29 of 1st period - Stopped by Philipp Grubauer with a rebound.
4:14 of 1st period - Penalty to Patrick Bordeleau is over, Patrick Bordeleau is back on ice.
4:16 of 1st period - Snap shot by Brett Connolly.
4:16 of 1st period - Shot Blocked by Dmitry Korobov.
4:28 of 1st period - Buddy Robinson is hit by David Kolomatis and loses puck.
4:41 of 1st period - Wrist shot by Teemu Pulkkinen.
4:41 of 1st period - Shot Misses the Net.
4:43 of 1st period - Snap shot by Torrey Mitchell.
4:43 of 1st period - Stopped by Philipp Grubauer without a rebound.
4:44 of 1st period - Scott Timmins wins face-off versus Kris Newbury in Bruins zone.
4:50 of 1st period - Brandon Alderson and Shawn Thornton fight to a draw.
4:50 of 1st period - Penalty to Brandon Alderson for Fighting.
4:50 of 1st period - Penalty to Shawn Thornton for Fighting.
4:51 of 1st period - Tim Sestito wins face-off versus Ryan Spooner in Barons zone.
5:27 of 1st period - Slapshot by Ryan Spooner.
5:27 of 1st period - Stopped by Philipp Grubauer with a rebound.
6:02 of 1st period - Backhand shot by Brett Connolly.
6:02 of 1st period - Shot Misses the Net.
7:19 of 1st period - Minor Penalty to Kris Newbury for Holding.
7:20 of 1st period - Andy Miele wins face-off versus Kael Mouillierat in Barons zone.
7:54 of 1st period - Snap shot by Kael Mouillierat.
7:54 of 1st period - Stopped by Ray Emery with a rebound.
7:56 of 1st period - Slapshot by Patrick Bordeleau.
7:56 of 1st period - Goal by Patrick Bordeleau - Barons : 0 - Bruins : 1.
7:57 of 1st period - Anton Lander wins face-off versus Ryan Spooner in neutral zone.
9:39 of 1st period - Minor Penalty to John Negrin for Slashing.
9:40 of 1st period - Jim Slater wins face-off versus Andy Miele in Barons zone.
9:50 of 1st period - Penalty to Shawn Thornton is over, Shawn Thornton is back on ice.
9:58 of 1st period - Slapshot by Raman Hrabarenka.
9:58 of 1st period - Deflect By Anton Lander.
9:58 of 1st period - Stopped by Ray Emery without a rebound.
9:59 of 1st period - Jim Slater wins face-off versus Andy Miele in Barons zone.
11:34 of 1st period - Snap shot by Kael Mouillierat.
11:34 of 1st period - Stopped by Ray Emery with a rebound.
11:36 of 1st period - Wrist shot by Patrick Bordeleau.
11:36 of 1st period - Stopped by Ray Emery with a rebound.
11:38 of 1st period - Snap shot by Simon Moser.
11:38 of 1st period - Stopped by Ray Emery with a rebound.
11:39 of 1st period - Penalty to John Negrin is over, John Negrin is back on ice.
11:40 of 1st period - Slapshot by Brandon Manning.
11:40 of 1st period - Shot Misses the Net.
11:42 of 1st period - Slapshot by Kael Mouillierat.
11:42 of 1st period - Shot Misses the Net.
12:31 of 1st period - Slapshot by Reid Boucher.
12:31 of 1st period - Shot Misses the Net.
12:34 of 1st period - Icing by Marc Hagel.
12:35 of 1st period - Scott Timmins wins face-off versus Ryan Spooner in Bruins zone.
12:44 of 1st period - Jake Newton is hit by Devin Setoguchi.
13:52 of 1st period - Dmitry Korobov is hit by Devin Setoguchi and loses puck.
13:59 of 1st period - Reid Boucher is hit by Patrick Cehlin and loses puck.
14:08 of 1st period - Snap shot by Patrick Cehlin.
14:08 of 1st period - Shot Misses the Net.
14:41 of 1st period - Wrist shot by Kael Mouillierat.
14:41 of 1st period - Stopped by Ray Emery with a rebound.
14:43 of 1st period - Slapshot by Raman Hrabarenka.
14:43 of 1st period - Stopped by Ray Emery with a rebound.
15:28 of 1st period - Ryan Stanton is hit by Scott Timmins and loses puck.
15:39 of 1st period - Snap shot by Derek Dorsett.
15:39 of 1st period - Stopped by Ray Emery with a rebound.
16:13 of 1st period - Snap shot by Tim Sestito.
16:13 of 1st period - Stopped by Ray Emery with a rebound.
16:15 of 1st period - Wrist shot by Patrick Cehlin.
16:15 of 1st period - Stopped by Ray Emery with a rebound.
16:26 of 1st period - Minor Penalty to Magnus Nygren for High sticking.
16:27 of 1st period - Brett Connolly wins face-off versus Jim Slater in Bruins zone.
16:31 of 1st period - Wrist shot by Brett Connolly.
16:31 of 1st period - Shot Misses the Net.
16:33 of 1st period - Snap shot by Chuck Kobasew.
16:33 of 1st period - Goal by Chuck Kobasew - Barons : 1 - Bruins : 1.
16:34 of 1st period - Brett Connolly wins face-off versus Kael Mouillierat in neutral zone.
16:53 of 1st period - Snap shot by Steve Bernier.
16:53 of 1st period - Deflect By Brett Connolly.
16:53 of 1st period - Stopped by Philipp Grubauer with a rebound.
17:25 of 1st period - Off-side.
17:26 of 1st period - Jim Slater wins face-off versus Kris Newbury in neutral zone.
17:35 of 1st period - Wrist shot by Derek Dorsett.
17:35 of 1st period - Deflect By Anton Lander.
17:35 of 1st period - Stopped by Ray Emery without a rebound.
17:36 of 1st period - Tim Sestito wins face-off versus Ryan Spooner in Barons zone.
17:56 of 1st period - Off-side.
17:57 of 1st period - Andy Miele wins face-off versus Jim Slater in neutral zone.
17:59 of 1st period - Off-side.
18:00 of 1st period - Jim Slater wins face-off versus Teemu Pulkkinen in neutral zone.
18:43 of 1st period - Minor Penalty to Brandon Manning for Hooking.
18:44 of 1st period - Jim Slater wins face-off versus Ryan Spooner in Bruins zone.
19:53 of 1st period - Jim Slater is hit by Brett Connolly.
Goals for this period are 1 for Barons vs 1 for Bruins.
Shots for this period are 7 for Barons vs 12 for Bruins.

2nd period


0:01 of 2nd period - Jim Slater wins face-off versus Ryan Spooner in neutral zone.
0:10 of 2nd period - Icing by Reid Boucher.
0:11 of 2nd period - Jim Slater wins face-off versus Ryan Spooner in Barons zone.
0:35 of 2nd period - Conor Allen is hit by Reid Boucher and loses puck.
0:43 of 2nd period - Penalty to Brandon Manning is over, Brandon Manning is back on ice.
0:44 of 2nd period - Slapshot by Ryan Spooner.
0:44 of 2nd period - Shot Misses the Net.
0:46 of 2nd period - Snap shot by Devin Setoguchi.
0:46 of 2nd period - Stopped by Philipp Grubauer with a rebound.
1:01 of 2nd period - Anton Lander is hit by Steve Bernier and loses puck.
1:08 of 2nd period - Wrist shot by Chuck Kobasew.
1:08 of 2nd period - Stopped by Philipp Grubauer without a rebound.
1:09 of 2nd period - Simon Moser wins face-off versus Brett Connolly in Bruins zone.
1:09 of 2nd period - Simon Moser is hit by Steve Bernier.
1:29 of 2nd period - Snap shot by Chuck Kobasew.
1:29 of 2nd period - Shot Blocked by Kael Mouillierat.
1:51 of 2nd period - Minor Penalty to David Musil for Tripping.
1:52 of 2nd period - Andy Miele wins face-off versus Anton Lander in Barons zone.
2:27 of 2nd period - Wrist shot by Patrick Bordeleau.
2:27 of 2nd period - Shot Blocked by Ryan Stanton.
2:27 of 2nd period - Ryan Stanton from Barons is injured at 2:27 of 2nd period (Bruised Right Arm).
2:28 of 2nd period - Anton Lander wins face-off versus Andy Miele in Barons zone.
2:29 of 2nd period - Slapshot by Derek Dorsett.
2:29 of 2nd period - Shot Misses the Net.
2:31 of 2nd period - Slapshot by Conor Allen.
2:31 of 2nd period - Deflect By Derek Dorsett.
2:31 of 2nd period - Shot Misses the Net.
2:31 of 2nd period - Puck is out of play.
2:32 of 2nd period - Andy Miele wins face-off versus Jim Slater in Barons zone.
3:45 of 2nd period - David Kolomatis is hit by Kael Mouillierat and loses puck.
3:51 of 2nd period - Penalty to David Musil is over, David Musil is back on ice.
4:40 of 2nd period - Wrist shot by Scott Timmins.
4:40 of 2nd period - Stopped by Ray Emery with a rebound.
4:50 of 2nd period - Slapshot by Scott Timmins.
4:50 of 2nd period - Stopped by Ray Emery with a rebound.
6:34 of 2nd period - Slapshot by Reid Boucher.
6:34 of 2nd period - Shot Misses the Net.
6:42 of 2nd period - Buddy Robinson is hit by Ryan Spooner and loses puck.
7:37 of 2nd period - Scott Timmins is hit by Daniel New and loses puck.
8:04 of 2nd period - Snap shot by Marc Hagel.
8:04 of 2nd period - Stopped by Ray Emery without a rebound.
8:05 of 2nd period - Jim Slater wins face-off versus Andy Miele in Barons zone.
8:22 of 2nd period - Jim Slater is hit by Chris Porter and loses puck.
8:47 of 2nd period - Minor Penalty to Shawn Thornton for Hooking.
8:48 of 2nd period - Andy Miele wins face-off versus Kael Mouillierat in Barons zone.
8:48 of 2nd period - Andy Miele is hit by Patrick Bordeleau.
9:08 of 2nd period - Snap shot by Kael Mouillierat.
9:08 of 2nd period - Shot Blocked by Torrey Mitchell.
9:22 of 2nd period - Snap shot by Kael Mouillierat.
9:22 of 2nd period - Stopped by Ray Emery with a rebound.
9:24 of 2nd period - Slapshot by Raman Hrabarenka.
9:24 of 2nd period - Shot Blocked by David Musil.
9:53 of 2nd period - Wrist shot by Anton Lander.
9:53 of 2nd period - Shot Misses the Net.
10:47 of 2nd period - Penalty to Shawn Thornton is over, Shawn Thornton is back on ice.
10:54 of 2nd period - Snap shot by Kael Mouillierat.
10:54 of 2nd period - Stopped by Ray Emery with a rebound.
11:02 of 2nd period - Backhand shot by Patrick Bordeleau.
11:02 of 2nd period - Stopped by Ray Emery with a rebound.
11:53 of 2nd period - Icing by Daniel New.
11:54 of 2nd period - Scott Timmins wins face-off versus Ryan Spooner in Barons zone.
12:45 of 2nd period - Wrist shot by Derek Dorsett.
12:45 of 2nd period - Shot Blocked by David Kolomatis.
12:51 of 2nd period - Snap shot by Derek Dorsett.
12:51 of 2nd period - Stopped by Ray Emery without a rebound.
12:52 of 2nd period - Brett Connolly wins face-off versus Jim Slater in Barons zone.
13:01 of 2nd period - Snap shot by Chuck Kobasew.
13:01 of 2nd period - Stopped by Philipp Grubauer with a rebound.
13:29 of 2nd period - Snap shot by Patrick Cehlin.
13:29 of 2nd period - Stopped by Ray Emery with a rebound.
13:35 of 2nd period - Wrist shot by Tim Sestito.
13:35 of 2nd period - Stopped by Ray Emery without a rebound.
13:36 of 2nd period - Kael Mouillierat wins face-off versus Reid Boucher in Barons zone.
13:56 of 2nd period - Brandon Manning is hit by David Kolomatis and loses puck.
14:21 of 2nd period - Kael Mouillierat is hit by Andy Miele.
14:33 of 2nd period - Marc Hagel is hit by Torrey Mitchell.
15:21 of 2nd period - Derek Dorsett is hit by Devin Setoguchi.
16:15 of 2nd period - Slapshot by Patrick Cehlin.
16:15 of 2nd period - Stopped by Ray Emery with a rebound.
16:55 of 2nd period - Kris Newbury is hit by Simon Moser and loses puck.
17:17 of 2nd period - Snap shot by Devin Setoguchi.
17:17 of 2nd period - Stopped by Philipp Grubauer without a rebound.
17:18 of 2nd period - Ryan Spooner wins face-off versus Scott Timmins in Bruins zone.
17:47 of 2nd period - Wrist shot by Marc Hagel.
17:47 of 2nd period - Stopped by Ray Emery with a rebound.
17:49 of 2nd period - Wrist shot by Marc Hagel.
17:49 of 2nd period - Deflect By Scott Timmins.
17:49 of 2nd period - Shot Misses the Net.
17:49 of 2nd period - Puck is out of play.
17:50 of 2nd period - Jim Slater wins face-off versus Torrey Mitchell in Barons zone.
18:03 of 2nd period - Snap shot by Teemu Pulkkinen.
18:03 of 2nd period - Shot Blocked by Raman Hrabarenka.
18:06 of 2nd period - Icing by Anton Lander.
18:07 of 2nd period - Andy Miele wins face-off versus Jim Slater in Bruins zone.
18:20 of 2nd period - Snap shot by Torrey Mitchell.
18:20 of 2nd period - Shot Misses the Net.
19:00 of 2nd period - Snap shot by Ryan Spooner.
19:00 of 2nd period - Stopped by Philipp Grubauer with a rebound.
19:02 of 2nd period - Slapshot by David Kolomatis.
19:02 of 2nd period - Shot Misses the Net.
19:16 of 2nd period - Wrist shot by Kris Newbury.
19:16 of 2nd period - Shot Misses the Net.
19:18 of 2nd period - Snap shot by Shawn Thornton.
19:18 of 2nd period - Deflect By Chris Porter.
19:18 of 2nd period - Stopped by Philipp Grubauer with a rebound.
19:20 of 2nd period - Snap shot by Kris Newbury.
19:20 of 2nd period - Shot Misses the Net.
19:22 of 2nd period - Wrist shot by David Kolomatis.
19:22 of 2nd period - Shot Misses the Net.
19:43 of 2nd period - Icing by Brett Connolly.
19:44 of 2nd period - Brett Connolly wins face-off versus Tim Sestito in Barons zone.
Goals for this period are 0 for Barons vs 0 for Bruins.
Shots for this period are 6 for Barons vs 11 for Bruins.

3rd period


0:01 of 3rd period - Jim Slater wins face-off versus Andy Miele in neutral zone.
0:06 of 3rd period - Wrist shot by Anton Lander.
0:06 of 3rd period - Shot Misses the Net.
0:14 of 3rd period - Anton Lander is hit by David Musil and loses puck.
0:29 of 3rd period - Wrist shot by Torrey Mitchell.
0:29 of 3rd period - Stopped by Philipp Grubauer with a rebound.
0:31 of 3rd period - Slapshot by David Musil.
0:31 of 3rd period - Stopped by Philipp Grubauer with a rebound.
0:33 of 3rd period - Snap shot by Teemu Pulkkinen.
0:33 of 3rd period - Shot Misses the Net.
0:35 of 3rd period - Wrist shot by Torrey Mitchell.
0:35 of 3rd period - Shot Misses the Net.
0:37 of 3rd period - Wrist shot by Torrey Mitchell.
0:37 of 3rd period - Stopped by Philipp Grubauer with a rebound.
1:40 of 3rd period - Buddy Robinson is hit by Steve Bernier and loses puck.
1:47 of 3rd period - Slapshot by Brett Connolly.
1:47 of 3rd period - Shot Misses the Net.
1:57 of 3rd period - Chuck Kobasew is hit by Magnus Nygren.
2:01 of 3rd period - Wrist shot by Tim Sestito.
2:01 of 3rd period - Shot Misses the Net.
2:03 of 3rd period - Slapshot by Buddy Robinson.
2:03 of 3rd period - Stopped by Ray Emery without a rebound.
2:04 of 3rd period - Scott Timmins wins face-off versus Kris Newbury in Barons zone.
2:05 of 3rd period - Wrist shot by Marc Hagel.
2:05 of 3rd period - Stopped by Ray Emery without a rebound.
2:06 of 3rd period - Kris Newbury wins face-off versus Scott Timmins in Barons zone.
2:08 of 3rd period - Minor Penalty to Kris Newbury for Tripping.
2:09 of 3rd period - Andy Miele wins face-off versus Jim Slater in Barons zone.
3:19 of 3rd period - Wrist shot by Patrick Bordeleau.
3:19 of 3rd period - Stopped by Ray Emery with a rebound.
3:58 of 3rd period - Kael Mouillierat is hit by Torrey Mitchell and loses puck.
4:08 of 3rd period - Penalty to Kris Newbury is over, Kris Newbury is back on ice.
4:11 of 3rd period - Slapshot by Patrick Bordeleau.
4:11 of 3rd period - Stopped by Ray Emery with a rebound.
4:33 of 3rd period - Reid Boucher is hit by Tim Sestito and loses puck.
5:51 of 3rd period - David Musil is hit by Dmitry Korobov and loses puck.
6:15 of 3rd period - Wrist shot by Jim Slater.
6:15 of 3rd period - Shot Misses the Net.
7:04 of 3rd period - Minor Penalty to Kris Newbury for Hooking.
7:05 of 3rd period - Andy Miele wins face-off versus Jim Slater in Barons zone.
8:56 of 3rd period - Teemu Pulkkinen is hit by Derek Dorsett and loses puck.
9:01 of 3rd period - Snap shot by Derek Dorsett.
9:01 of 3rd period - Stopped by Ray Emery with a rebound.
9:03 of 3rd period - Slapshot by Dmitry Korobov.
9:03 of 3rd period - Stopped by Ray Emery with a rebound.
9:04 of 3rd period - Penalty to Kris Newbury is over, Kris Newbury is back on ice.
9:13 of 3rd period - Buddy Robinson is hit by Teemu Pulkkinen and loses puck.
10:25 of 3rd period - Chris Porter is hit by Scott Timmins and loses puck.
10:44 of 3rd period - Slapshot by Tim Sestito.
10:44 of 3rd period - Stopped by Ray Emery with a rebound.
11:43 of 3rd period - Dmitry Korobov is hit by David Kolomatis and loses puck.
12:06 of 3rd period - Backhand shot by Brett Connolly.
12:06 of 3rd period - Shot Misses the Net.
12:08 of 3rd period - Slapshot by Steve Bernier.
12:08 of 3rd period - Stopped by Philipp Grubauer with a rebound.
12:10 of 3rd period - Snap shot by Chuck Kobasew.
12:10 of 3rd period - Stopped by Philipp Grubauer with a rebound.
12:31 of 3rd period - Andy Miele is hit by Patrick Cehlin and loses puck.
13:21 of 3rd period - Icing by Derek Dorsett.
13:22 of 3rd period - Brett Connolly wins face-off versus Jim Slater in Bruins zone.
13:43 of 3rd period - John Negrin is hit by Brandon Manning and loses puck.
15:28 of 3rd period - Off-side.
15:29 of 3rd period - Shawn Thornton wins face-off versus Jim Slater in neutral zone.
16:02 of 3rd period - Torrey Mitchell is hit by Brandon Alderson.
16:12 of 3rd period - Ryan Spooner is hit by Brandon Alderson and loses puck.
16:45 of 3rd period - Snap shot by Patrick Cehlin.
16:45 of 3rd period - Stopped by Ray Emery with a rebound.
16:47 of 3rd period - Snap shot by Conor Allen.
16:47 of 3rd period - Stopped by Ray Emery with a rebound.
16:49 of 3rd period - Slapshot by Tim Sestito.
16:49 of 3rd period - Shot Blocked by Ryan Spooner.
17:33 of 3rd period - Snap shot by Steve Bernier.
17:33 of 3rd period - Shot Misses the Net.
17:35 of 3rd period - Slapshot by Brett Connolly.
17:35 of 3rd period - Shot Hit the Post.
17:37 of 3rd period - Snap shot by Tommy Cross.
17:37 of 3rd period - Deflect By Brett Connolly.
17:37 of 3rd period - Stopped by Philipp Grubauer without a rebound.
17:38 of 3rd period - Brett Connolly wins face-off versus Scott Timmins in Bruins zone.
17:57 of 3rd period - Wrist shot by Torrey Mitchell.
17:57 of 3rd period - Stopped by Philipp Grubauer with a rebound.
18:25 of 3rd period - Raman Hrabarenka is hit by Tommy Cross and loses puck.
18:50 of 3rd period - Slapshot by Devin Setoguchi.
18:50 of 3rd period - Shot Misses the Net.
19:05 of 3rd period - Off-side.
19:06 of 3rd period - Brett Connolly wins face-off versus Tim Sestito in neutral zone.
19:42 of 3rd period - Buddy Robinson and Shawn Thornton fight to a draw.
19:42 of 3rd period - Penalty to Buddy Robinson for Fighting.
19:42 of 3rd period - Penalty to Shawn Thornton for Fighting.
19:43 of 3rd period - Jim Slater wins face-off versus Ryan Spooner in neutral zone.
Goals for this period are 0 for Barons vs 0 for Bruins.
Shots for this period are 7 for Barons vs 9 for Bruins.

Overtime #1


0:01 of 1st overtime period - Jim Slater wins face-off versus Ryan Spooner in neutral zone.
0:24 of 1st overtime period - Wrist shot by Jim Slater.
0:24 of 1st overtime period - Shot Misses the Net.
0:26 of 1st overtime period - Slapshot by Conor Allen.
0:26 of 1st overtime period - Shot Blocked by Ryan Spooner.
0:34 of 1st overtime period - Snap shot by Jim Slater.
0:34 of 1st overtime period - Shot Misses the Net.
0:36 of 1st overtime period - Slapshot by Anton Lander.
0:36 of 1st overtime period - Deflect By Ryan Spooner.
0:36 of 1st overtime period - Shot Misses the Net.
0:36 of 1st overtime period - Puck is out of play.
0:37 of 1st overtime period - Jim Slater wins face-off versus Ryan Spooner in Barons zone.
0:48 of 1st overtime period - Wrist shot by Anton Lander.
0:48 of 1st overtime period - Shot Misses the Net.
2:05 of 1st overtime period - Dmitry Korobov is hit by John Negrin and loses puck.
2:14 of 1st overtime period - Wrist shot by Chuck Kobasew.
2:14 of 1st overtime period - Deflect By Chris Porter.
2:14 of 1st overtime period - Shot Misses the Net.
2:14 of 1st overtime period - Puck is out of play.
2:15 of 1st overtime period - Derek Dorsett wins face-off versus Chris Porter in Bruins zone.
2:22 of 1st overtime period - Snap shot by Patrick Bordeleau.
2:22 of 1st overtime period - Deflect By Derek Dorsett.
2:22 of 1st overtime period - Stopped by Ray Emery with a rebound.
3:00 of 1st overtime period - Icing by David Musil.
3:01 of 1st overtime period - Ryan Spooner wins face-off versus Tim Sestito in Barons zone.
3:18 of 1st overtime period - Snap shot by Chuck Kobasew.
3:18 of 1st overtime period - Shot Blocked by Conor Allen.
3:30 of 1st overtime period - Chris Porter is hit by Tim Sestito and loses puck.
3:49 of 1st overtime period - Wrist shot by Raman Hrabarenka.
3:49 of 1st overtime period - Deflect By Chuck Kobasew.
3:49 of 1st overtime period - Stopped by Ray Emery with a rebound.
4:01 of 1st overtime period - Snap shot by Chuck Kobasew.
4:01 of 1st overtime period - Shot Misses the Net.
4:41 of 1st overtime period - Snap shot by Torrey Mitchell.
4:41 of 1st overtime period - Stopped by Philipp Grubauer with a rebound.
4:42 of 1st overtime period - Penalty to Buddy Robinson is over, Buddy Robinson is back on ice.
4:42 of 1st overtime period - Penalty to Shawn Thornton is over, Shawn Thornton is back on ice.
4:43 of 1st overtime period - Slapshot by David Kolomatis.
4:43 of 1st overtime period - Deflect By Torrey Mitchell.
4:43 of 1st overtime period - Shot Misses the Net.
4:43 of 1st overtime period - Puck is out of play.
4:44 of 1st overtime period - Buddy Robinson wins face-off versus Shawn Thornton in Bruins zone.
4:57 of 1st overtime period - Wrist shot by Buddy Robinson.
4:57 of 1st overtime period - Shot Misses the Net.
Goals for this period are 0 for Barons vs 0 for Bruins.
Shots for this period are 1 for Barons vs 2 for Bruins.

ShootOut


5:00 of 1st overtime period - Penalty Shot by Devin Setoguchi for Barons.
5:00 of 1st overtime period - Backhand shot by Devin Setoguchi.
5:00 of 1st overtime period - Stopped by Philipp Grubauer.
5:00 of 1st overtime period - Penalty Shot by Jim Slater for Bruins.
5:00 of 1st overtime period - Deke by Jim Slater.
5:00 of 1st overtime period - Shot Misses the Net.
5:00 of 1st overtime period - Penalty Shot by Steve Bernier for Barons.
5:00 of 1st overtime period - Deke by Steve Bernier.
5:00 of 1st overtime period - Stopped by Philipp Grubauer.
5:00 of 1st overtime period - Penalty Shot by Anton Lander for Bruins.
5:00 of 1st overtime period - Deke by Anton Lander.
5:00 of 1st overtime period - Stopped by Ray Emery.
5:00 of 1st overtime period - Penalty Shot by Torrey Mitchell for Barons.
5:00 of 1st overtime period - Wrist shot by Torrey Mitchell.
5:00 of 1st overtime period - Stopped by Philipp Grubauer.
5:00 of 1st overtime period - Penalty Shot by Derek Dorsett for Bruins.
5:00 of 1st overtime period - Deke by Derek Dorsett.
5:00 of 1st overtime period - Stopped by Ray Emery.
5:00 of 1st overtime period - Penalty Shot by Andy Miele for Barons.
5:00 of 1st overtime period - Deke by Andy Miele.
5:00 of 1st overtime period - Stopped by Philipp Grubauer.
5:00 of 1st overtime period - Penalty Shot by Patrick Bordeleau for Bruins.
5:00 of 1st overtime period - Wrist shot by Patrick Bordeleau.
5:00 of 1st overtime period - Goal by Patrick Bordeleau.


Output by the SimonT Hockey Simulator (STHS) for Eric Dolegowski -- Original Page W3C XHTML 1.0 Valid
Hockey Simulator - Hockey Simulation - Hockey Manager